montu, chaotic male human Wizard # ---.-- #########.....| ----- # |%...| ----- |....# ################## +....| |....#########....|# # # ---------- |..@.| |%.<| |...|### # ##......$...| #...T.| |...| |....###### # ## .........| ###----.- |...| ----- ### + # #### .... ...| # # |...| # ##################` # # ...... +#### # |...| ### ### # ### ....... # ----- # # ### # --+----- ## ### ### # # + # # ### # `## ###### # # # ---------.---+-# ##..............|# |............>.# |.............| --------------- montu the Thaumaturge Experience level: 6 Strength: 6 Dexterity: 15 Constitution: 16 Intelligence: 18 Wisdom: 9 Charisma: 8 Health: 0(64) Energy: 14(29) Def: 4 Gold: 1191 Moves: 3623 Dungeon seed: DcDXncsgtM5mfoVd Game ID: montu_1704919795 Your Inventory: Coins $ - 1191 gold pieces Weapons a - a blessed +1 quarterstaff (weapon in hands) Armor e - an uncursed +0 cloak of magic resistance (being worn) q - an uncursed +0 elven cloak r - an uncursed +0 studded leather armor (being worn) Comestibles p - an uncursed cram ration s - 3 uncursed food rations x - an uncursed sprig of wolfsbane Scrolls j - a cursed scroll of gold detection w - 2 uncursed scrolls of identify y - an uncursed scroll of summoning z - a blessed scroll of enchant weapon B - a cursed scroll of food detection J - an uncursed scroll of enchant weapon Q - an uncursed scroll of teleportation S - a blessed scroll of teleportation U - an uncursed scroll of magic mapping X - a blessed scroll of enchant armor Spellbooks l - an uncursed spellbook of blank paper t - a cursed spellbook of healing K - an uncursed spellbook of blank paper Potions m - a blessed potion of object detection u - a blessed potion of sickness v - a potion of unholy water D - an uncursed potion of restore ability M - an uncursed potion of water O - an uncursed potion of healing Rings i - an uncursed ring of see invisible I - a cursed ring of aggravate monster V - an uncursed ring of teleport control Wands b - an uncursed wand of striking (0:6) A - an uncursed wand of undead turning (0:8) L - an uncursed wand of secret door detection (0:13) Tools h - an uncursed blindfold k - an uncursed skeleton key E - an uncursed tin whistle F - an uncursed mirror Gems n - an uncursed worthless piece of violet glass G - an uncursed worthless piece of yellowish brown glass N - 3 uncursed worthless pieces of blue glass R - an uncursed worthless piece of yellow glass W - an uncursed worthless piece of black glass Y - 2 uncursed worthless pieces of green glass Spells and supernatural/magical abilities: Name Level Category Cost Memory a - force bolt 1 attack 8pw 94% m - magic missile 2 attack 16pw 94% n - detect monsters 1 divination 12pw 94% p - protection 1 clerical 12pw 94% s - slow monster 2 enchantment 16pw 99% W - pray for help -- divine ? -- Your skills at the end: Fighting Skills wands [Basic] Weapon Skills quarterstaff [Basic] Spellcasting Skills attack spells [Basic] enchantment spells [Basic] Final Attributes: You were piously aligned. You were magic resistant. You were telepathic. You last prayed 463 turns ago. Anhur was noncommittal. You are dead. Vanquished creatures: a leprechaun a dog a snake a rope golem a pony 2 gray oozes an elf zombie 2 giant ants 2 floating eyes 2 kittens 2 dwarves a homunculus 3 hill orcs a rothe a centipede 3 orc zombies 3 iguanas an acid blob a hobbit 6 giant rats a red mold 3 geckos 12 jackals 2 foxes a kobold 2 goblins 2 sewer rats 3 grid bugs 3 lichens 8 newts 73 creatures vanquished. Voluntary challenges: You had been an atheist until turn 3157. You used a wielded weapon 95 times, starting on turn 237. You read items or engraved 3 times, starting on turn 613. You never genocided any monsters. You never polymorphed an object. You never changed form. You used no wishes. You never split a pudding. You never wrote Elbereth's name. You never violated your personal moral code. Dungeon overview: The Dungeons of Doom: levels 1 to 8 Level 1 a vault a long staircase Level 2 a delicatessen, a vault Level 3 a fountain, a vault a long staircase Level 4 some fountains Level 5 Level 6 a potion shop, a fountain Level 7 many fountains Level 8 <- You were here a long staircase History has recorded: On T:1 you entered the Dungeons of Doom to retrieve the Amulet of Yendor! On T:547 you reached level 2 of The Dungeons of Doom. On T:625 you advanced to experience level 2. On T:813 you reached level 3 of The Dungeons of Doom. On T:977 you advanced to experience level 3. On T:1311 you reached level 4 of The Dungeons of Doom. On T:1725 you reached level 5 of The Dungeons of Doom. On T:1917 you advanced to experience level 4. On T:2359 you advanced to experience level 5. On T:2439 you reached level 6 of The Dungeons of Doom. On T:2820 you reached level 7 of The Dungeons of Doom. On T:3275 you advanced to experience level 6. On T:3355 you reached level 8 of The Dungeons of Doom. Score breakdown: Gold: 1191 (10464 points) Experience: 6 levels (12456 points) Exploration: 8 levels ( 16.67%) (11577 points) Discoveries: 4 items ( 1.34%) ( 3475 points) Valuables value: (no points given unless you survive) Artifact value: 0 ( 0 points) Variety of kills: 30 monsters ( 7.89%) ( 8429 points) Turncount: 3623 turns ( -878 points) Survival: died (score multiplied by 80%) Total score: 36418 Latest messages: The force bolt hits the dog! The dog is killed! Your movements are slowed slightly because of your load. You have a little trouble lifting X - a scroll labeled ELBIB YLOH. You see here a dog corpse. [2 turns] You hear the chime of a cash register. You hear someone cursing shoplifters. You stop exploring. [2 turns] The Uruk-hai hits! [2 turns] The force bolt hits the water troll! The water troll hits! (2x) The water troll bites! The force bolt misses the water troll. The water troll hits! (2x) The water troll bites! The water troll hits! You die... Final status: Goodbye montu the Wizard, killed by a water troll... You died in The Dungeons of Doom on dungeon level 8 with 36418 points, and 1191 pieces of gold, after 3623 moves. You were level 6 with a maximum of 64 hit points when you died.